 Dungeon Crawl Stone Soup version 0.31-a0-441-g867994ef1c (webtiles) character file.

Game seed: 8657032864949766716

2009 Xavori the Slasher (level 9, 66/66 HPs)
             Began as a Demonspawn Chaos Knight on Aug 2, 2023.
             Was a Plaything of Xom.
             Quit the game on level 7 of the Dungeon.
             The game lasted 00:07:34 (13324 turns).

Xavori the Slasher (Demonspawn Chaos Knight)       Turns: 13324, Time: 00:07:35

Health: 66/66      AC: 10    Str: 23    XL:     9   Next: 2%
Magic:  15/15      EV: 13    Int: 14    God:    Xom [...*..]
Gold:   480        SH:  5    Dex: 12    Spells: 16/16 levels left

rFire   + . .        a - +1 falchion (chaos)
rCold   . . .        (no shield)
rNeg    . . .        b - +2 leather armour
rPois   +            (no helmet)
rElec   .            q - scarf {+Inv}
rCorr   .            u - +0 pair of gloves
SInv    +            j - +0 pair of boots
Will    .....        d - amulet of reflection
Stlth   ++           z - ring of poison resistance
HPRegen 0.31/turn    l - +6 ring of strength
MPRegen 0.14/turn

%: reflection, clarity
@: no status effects
A: icy blue scales 2, demonic magic 1, talons 1, see invisible, clarity, fire
resistance 1, sense surroundings 1, inability to read after injury 1
a: Renounce Religion, Evoke Invisibility


You were on level 7 of the Dungeon.
You worshipped Xom.
You were a favourite toy of Xom.
You visited 1 branch of the dungeon, and saw 7 of its levels.

You collected 480 gold pieces.

Inventory:

Hand Weapons
 a - a +1 falchion of chaos (weapon)
 g - a +0 short sword of electrocution
 w - a +1 dagger of venom
Armour
 b - a +2 leather armour (worn)
 j - a +0 pair of boots (worn)
 q - a scarf of invisibility (worn)
 u - a +0 pair of gloves (worn)
Jewellery
 d - an amulet of reflection (around neck)
 k - a ring of resist corrosion
 l - a +6 ring of strength (right hand)
 n - the ring "Yrori" {Ice rN+}
   (You found it on level 3 of the Dungeon)

   [ring of ice]

   It enhances your ice magic.
   rF:        It makes you vulnerable to fire.
   rC:        It protects you from cold.
   rN:        It protects you from negative energy.
 z - a ring of poison resistance (left hand)
 B - a ring of willpower
Wands
 t - a wand of paralysis (3)
Scrolls
 c - a scroll of butterflies
 e - a scroll of noise {unknown}
 f - 4 scrolls of teleportation {unknown}
 i - 6 scrolls of identify {unknown}
 r - a scroll of fog {unknown}
 s - a scroll of poison {unknown}
 x - a scroll of blinking {unknown}
 y - a scroll of brand weapon {unknown}
Potions
 h - 5 potions of curing
 m - a potion of cancellation
 o - 2 potions of degeneration
 v - a potion of might {unknown}
 A - 2 potions of lignification {unknown}


   Skills:
 + Level 4.7 Fighting
 * Level 5.5 Long Blades
 + Level 3.7 Armour
 + Level 4.0 Dodging
 + Level 3.5 Stealth
 + Level 2.9 Shields
 * Level 4.0 Spellcasting
 * Level 3.4 Evocations


You had 16 spell levels left.
You didn't know any spells.
Your spell library contained the following spells:

 Spells                   Type           Power      Damage    Failure   Level
 Magic Dart               Conj           8%         1d3       22%         1
 Summon Small Mammal      Summ           8%         N/A       22%         1
 Lesser Beckoning         Tloc           4%         N/A       32%         2
 Searing Ray              Conj           4%         2d4       32%         2
 Sublimation of Blood     Necr           2%         N/A       32%         2
 Call Canine Familiar     Summ           2%         N/A       54%         3
 Dazzling Flash           Conj/Hex       4%         N/A       54%         3
 Gell's Gravitas          Tloc           2%         N/A       54%         3
 Summon Guardian Golem    Hex/Summ       2%         N/A       54%         3
 Teleport Other           Tloc           2%         N/A       54%         3
 Volatile Blastmotes      Fire/Tloc      4%         2d10      54%         3
 Fulminant Prism          Conj/Hex       1%         3d5       91%         4
 Petrify                  Tmut/Erth      2%         N/A       91%         4
 Irradiate                Conj/Tmut      1%         3d12      99%         5
 Starburst                Conj/Fire      1%         6d3       100%        6
 Maxwell's Capacitive Co  Air            1%         ∞         100%        8


Dungeon Overview and Level Annotations

Branches:
Dungeon (7/15)             Temple (0/1) D:5

Altars:
Makhleb
Xom

Annotations:
D:7 1 transporter, garrulousMonolith's ghost, novice TrSh


Innate Abilities, Weirdness & Mutations

You are mostly covered in icy blue scales. (AC +3)
Spells you cast may paralyse adjacent enemies.
You have sharp toenails.
You have supernaturally acute eyesight. (SInv)
You possess an exceptional clarity of mind.
Your flesh is heat resistant. (rF+)
You passively map a small area around you.
You occasionally lose the ability to read scrolls when taking damage.


Message History

The phantom is moderately damaged.
The phantom barely misses you.
You closely miss the phantom.
The phantom is moderately damaged.
The phantom hits you.
You hit the phantom. You burn the phantom.
The phantom is heavily damaged.
You block the phantom's attack.
You hit the phantom.
The phantom is heavily damaged.
The phantom barely misses you.
You slash the phantom!
The phantom is severely damaged.
The phantom hits you.
The phantom blinks!
You blink.
You hit the phantom. You burn the phantom.
The phantom is almost destroyed.
The phantom barely misses you.
You hit the phantom.
The phantom convulses.
You destroy the phantom!
Your Spellcasting skill increases to level 4!
You have reached level 9!
Your experience leads to an increase in your attributes!
Your base attributes are Str 15, Int 14, Dex 12.
Increase (S)trength, (I)ntelligence, or (D)exterity?
You feel stronger. x2; Your demonic ancestry asserts itself...
A menacing aura infuses your magic.
Magic restored.
There is an open door here.
Found a stone.
Found 3 boomerangs.
There is an open door here.
Found a white marble altar of Elyvilon.
An ice beast comes into view.
An ice beast is nearby!
An ice beast is nearby!
An ice beast is nearby!
No reachable target in view!
No reachable target in view!
No reachable target in view!
Are you sure you want to abandon this character and quit the game? (Confirm with "yes".)

, #...(.# #... .≈≈≈.≈.
#.....# #...
*,~≈..Y≈≈.####.....#####...
* ~≈._.≈≈.#..#.............
≈...≈≈.#..###'##........
,~.≈≈≈.≈.#.......#........
*,~.....≈.#.......#........
*, ≈≈≈≈≈..#.......#........
,* ** *#@.......#........ ,
,,, , #...##...#.....### *
, ,,,,,,+...##...#######..
, , ,*
,,,#...##............ , ,,
#..#######............ * ,
,#...,,,, #.........†.. ,
*,
**,,*#...,,,,#........##..
, * #...,,,>+........##.. ,
**** ,#.#.#####...###'###..


You could see an ice beast (asleep).

Vanquished Creatures
  2 ice beasts
  2 phantoms
  3 centaurs (D:6)
  A scorpion (D:5)
  5 wights (D:7)
  A howler monkey (D:5)
  A quasit (D:3)
  4 hounds
  2 jellies
  An orc priest (D:2)
  2 iron imps (D:3)
  An iguana (D:7)
  6 orc wizards
  6 gnolls
  6 adders
  3 worms
  12 dart slugs
  15 orcs
  7 endoplasms
  2 giant cockroaches
  4 goblins
  7 hobgoblins
  2 jackals (D:1)
  10 kobolds
  5 quokkas
  6 ball pythons
  10 bats
  2 frilled lizards (D:1)
  6 rats
134 creatures vanquished.

Vanquished Creatures (collateral kills)
  A water moccasin (D:6)
  A kobold brigand (D:6)
  2 scorpions
  A wight (D:7)
  An orc wizard (D:6)
  An adder (D:6)
  2 orcs (D:6)
  4 kobolds (D:6)
13 creatures vanquished.

Vanquished Creatures (others)
  A gnoll zombie (D:6)
1 creature vanquished.

Grand Total: 148 creatures vanquished

Notes
Turn   | Place    | Note
-------+----------+-------------------------------------------
     0 | D:1      | Xavori the Demonspawn Chaos Knight began the quest for the
                  | Orb.
     0 | D:1      | Reached XP level 1. HP: 18/18 MP: 1/1
    30 | D:1      | XOM: smoke on damage
   100 | D:1      | Reached skill level 3 in Long Blades
   105 | D:1      | Gained mutation: You are partially covered in icy blue
                  | scales. (AC +2) [demonic ancestry]
   105 | D:1      | Reached XP level 2. HP: 21/24 MP: 2/2
   122 | D:1      | XOM: silly message
   230 | D:1      | XOM: silly message
   323 | D:1      | Gained mutation: You are mostly covered in icy blue scales.
                  | (AC +3) [demonic ancestry]
   323 | D:1      | Reached XP level 3. HP: 29/29 MP: 4/4
  1443 | D:1      | XOM: cloud trail
  1522 | D:1      | XOM: god gift: scroll labelled TYGAKHLE GAFA {god gift}
  2543 | D:1      | XOM: cloud trail
  2714 | D:1      | XOM: god gift: coral ring {god gift}
  3068 | D:1      | XOM: scenery: create altars
  3507 | D:1      | XOM: give mutation
  3507 | D:1      | Gained mutation: You are agile. (Dex +4, Str/Int -1) [Xom's
                  | grace]
  3736 | D:1      | XOM is BORED!
  3736 | D:1      | XOM: give mutation
  3736 | D:1      | Gained mutation: Your mind is acute. (Int +4, Str/Dex -1)
                  | [Xom's mischief]
  3809 | D:1      | XOM: give mutations
  3809 | D:1      | Gained mutation: Your flesh is heat resistant. (rF+) [Xom's
                  | grace]
  3809 | D:1      | Gained mutation: You passively dampen the noise of your
                  | surroundings. [Xom's grace]
  3809 | D:1      | Gained mutation: You passively map a small area around you.
                  | [Xom's grace]
  3809 | D:1      | Gained mutation: You have supernaturally acute eyesight.
                  | (SInv) [Xom's grace]
  4139 | D:1      | XOM: summons 4 hostile shadow creatures
  4404 | D:1      | XOM: give mutations
  4404 | D:1      | Lost mutation: You are agile. (Dex +4, Str/Int -1) [Xom's
                  | mischief]
  4404 | D:1      | Gained mutation: You possess an exceptional clarity of
                  | mind. [Xom's mischief]
  4404 | D:1      | Lost mutation: Your mind is acute. (Int +4, Str/Dex -1)
                  | [Xom's mischief]
  4832 | D:1      | XOM: summons 2 hostile demons
  5263 | D:1      | XOM: give mutations
  5263 | D:1      | Gained mutation: You have large cloven feet. [Xom's grace]
  5263 | D:1      | Gained mutation: Your muscles are strong. (Str +4, Int/Dex
                  | -1) [Xom's grace]
  5547 | D:1      | XOM: god gift: scroll labelled GUAFAW KINOYSY {god gift}
  5613 | D:1      | XOM: give mutation
  5613 | D:1      | Lost mutation: You have large cloven feet. [Xom's grace]
  5613 | D:1      | Gained mutation: You have sharp toenails. [Xom's grace]
  6064 | D:1      | XOM: god gift: 44 gold pieces
  7609 | D:1      | XOM: scenery: summon butterflies
  7878 | D:1      | XOM: god gift: 28 gold pieces
  8117 | D:1      | XOM is BORED!
  8190 | D:2      | Reached skill level 1 in Spellcasting
  8197 | D:2      | XOM: torment (10/29 hp)
  8207 | D:2      | Reached skill level 1 in Dodging
  8207 | D:2      | Reached XP level 4. HP: 23/35 MP: 5/5
  8671 | D:2      | Reached XP level 5. HP: 41/41 MP: 7/7
  8763 | D:2      | XOM: torment (22/41 hp)
  8980 | D:2      | XOM: stat loss: -1 Int (12/13)
  9064 | D:3      | Reached skill level 1 in Stealth
  9203 | D:3      | XOM: give mutations
  9203 | D:3      | Lost mutation: Your muscles are strong. (Str +4, Int/Dex
                  | -1) [Xom's mischief]
  9203 | D:3      | Gained mutation: You occasionally lose the ability to read
                  | scrolls when taking damage. [Xom's mischief]
  9203 | D:3      | Lost mutation: You passively dampen the noise of your
                  | surroundings. [Xom's mischief]
  9283 | D:3      | XOM: 1-stop teleportation journey
  9412 | D:3      | XOM: summons 3 friendly demons
  9413 | D:3      | Found a burning altar of Makhleb.
  9447 | D:3      | XOM: scenery: summon butterflies
  9471 | D:3      | XOM: torment (22/41 hp)
  9477 | D:3      | Reached skill level 4 in Long Blades
  9486 | D:3      | XOM: polymorph iron imp -> quasit
  9526 | D:3      | Identified the ring "Yrori" {Ice rN+}
 10100 | D:4      | Reached XP level 6. HP: 48/48 MP: 8/8
 10130 | D:4      | XOM: blink monster(s)
 10132 | D:4      | XOM: enchant monster (bad)
 10488 | D:4      | Reached skill level 1 in Shields
 10679 | D:4      | XOM: stat loss: -1 Int (13/14)
 10740 | D:5      | Entered Level 5 of the Dungeon
 10740 | D:5      | Found a staircase to the Ecumenical Temple.
 10845 | D:5      | Noticed an ice beast
 10855 | D:5      | Killed an ice beast
 10856 | D:5      | Reached skill level 1 in Evocations
 10856 | D:5      | Reached XP level 7. HP: 53/53 MP: 10/10
 11019 | D:5      | XOM: cast spell 'Summon Horrible Things'
 11227 | D:5      | XOM: divination: magic mapping
 11581 | D:6      | XOM: noise
 11586 | D:6      | XOM: cast spell 'Summon Dragon'
 11673 | D:6      | XOM: polymorph fire dragon -> quicksilver ooze
 11674 | D:6      | XOM: god gift: wand of paralysis (4)
 11730 | D:6      | Reached XP level 8. HP: 60/60 MP: 12/12
 11937 | D:6      | XOM: scenery: 1 doors open
 12124 | D:6      | Reached skill level 5 in Long Blades
 12207 | D:6      | XOM: confuse monster(s)
 12270 | D:6      | XOM: 7-stop teleportation journey
 12660 | D:6      | XOM: noise
 12740 | D:7      | Found a transporter.
 12747 | D:7      | Noticed garrulousMonolith's ghost (novice TrSh)
 12769 | D:7      | HP: 2/55 [wight/+4 battleaxe (2)]
 12777 | D:7      | XOM: divination: magic mapping
 12778 | D:7      | Xom revived you
 12782 | D:7      | XOM: cast spell 'Summon Hydra'
 13251 | D:7      | Gained mutation: Spells you cast may paralyse adjacent
                  | enemies. [demonic ancestry]
 13251 | D:7      | Reached XP level 9. HP: 55/66 MP: 13/15
 13324 | D:7      | Quit the game

Illustrated notes

Levels and vault maps discovered:
D:1:      reono_arrival_forest_river, layout_basic,
          nicolae_twisty_statue_hallways
D:2:      layout_basic
D:3:      layout_basic, demons_altar, chequers_serial_rivers_micro_b
D:4:      kennysheep_slugbush, layout_basic, minmay_ruptured
D:5:      layout_basic, minmay_temple_entry_offerings,
          minmay_a_box_with_orc_wizards_in_it
D:6:      layout_basic
D:7:      layout_gridville, mainiacjoe_overflow_paths,
          mainiacjoe_overflow_divided_tiny, gammafunk_ghost_smash,
          minmay_misc_feat_iff, uniq_maggie

Skill      XL: |  1  2  3  4  5  6  7  8 |
---------------+-------------------------+-----
Long Blades    | 3 4 5 |  5.5
Armour         | 2 3 |  3.7
Spellcasting   | 1 2 3 4 |  4.0
Dodging        | 1 2 3 4 |  4.0
Stealth        | 1 2 3 |  3.5
Shields        | 1 2 |  2.9
Evocations     | 1 2 3 |  3.4
Fighting       | 4 |  4.7

Action                     |  1- 3 |  4- 6 |  7- 9 || total
---------------------------+-------+-------+-------++-------
  Melee: Falchion          |    66 |       |    84 ||   150
         Short sword       |    35 |   293 |   109 ||   437
         Kick              |     4 |    12 |       ||    16
         Punch             |       |     5 |     5 ||    10
         Dagger            |       |       |    19 ||    19
  Evoke: Wand              |       |       |     1 ||     1
    Use: Potion            |     4 |       |     5 ||     9
         Scroll            |     2 |       |     1 ||     3
   Stab: Sleeping          |       |     3 |     7 ||    10
         Petrified         |       |       |     5 ||     5
         Paralysed         |       |       |     3 ||     3
 Armour: Leather armour    |    47 |    97 |    57 ||   201
  Dodge: Dodged            |    41 |   106 |    96 ||   243
  Block: Other             |       |    64 |    46 ||   110
         Reflection        |       |       |     2 ||     2

Table legend: (Time is in decaauts)
 A = Elapsed time spent in this place.
 B = Non-inter-level travel time spent in this place.
 C = Inter-level travel time spent in this place.
 D = Time resting spent in this place.
 E = Time spent auto-exploring this place.
 F = Levels seen in this place.
 G = Mean time per level.
                   A        B        C        D        E       F      G
               +--------+--------+--------+--------+--------+-----+--------+
         Total |  13299 |  13231 |     68 |   7970 |   3898 |   7 | 1899.9 |
       Dungeon |  13299 |  13231 |     68 |   7970 |   3898 |   7 | 1899.9 |
               +--------+--------+--------+--------+--------+-----+--------+

Top non-repeatable levels by time:
     D:1: 7705 daAuts
     D:6: 1398 daAuts
     D:2: 1286 daAuts
     D:3: 923 daAuts
     D:4: 819 daAuts
     D:5: 802 daAuts
     D:7: 364 daAuts
